 Dungeon Crawl Stone Soup version 0.25-a0-975-gcae8493d64 (webtiles) character file.

Game seed: 7535950880893520457, levelgen mode: deterministic

2254 Esekla the Covert (level 9, -3/78 HPs)
             Began as a Naga Conjurer on May 9, 2020.
             Was a Believer of Dithmenos.
             Slain by a killer bee (4 damage)
             ... on level 7 of the Dungeon.
             The game lasted 01:10:22 (8332 turns).

Esekla the Covert (Naga Conjurer)                   Turns: 8332, Time: 01:10:22

Health: -3/78      AC:  7    Str: 10    XL:     9   Next: 37%
Magic:  18/24      EV: 10    Int: 20    God:    Dithmenos [**....]
Gold:   506        SH:  0    Dex:  9    Spells: 9/16 levels left

rFire    . . .     SeeInvis +   y - +7 rapier of Growth {elec, +Rage MP+9 Dex-2}
rCold    . . .     Gourm    .   (no shield)
rNeg     . . .     Faith    .   a - +1 robe
rPois    +         Spirit   .   (no helmet)
rElec    .         Reflect  .   q - +0 cloak
rCorr    .         Harm     .   o - +0 pair of gloves
MR       +....                  (no barding)
Stlth    ++........             (no amulet)
HPRegen  0.23/turn              (no ring)
MPRegen  0.19/turn              (no ring)

@: confused, wreathed by umbra, very slow
A: large, see invisible, deformed body, poison resistance, slowness 2, slow
metabolism 1, spit poison 1, AC +3
a: Spit Poison, Shadow Step, Renounce Religion, Evoke Berserk Rage


You were on level 7 of the Dungeon.
You worshipped Dithmenos.
Dithmenos was pleased with you.
You were not hungry.

You visited 2 branches of the dungeon, and saw 8 of its levels.

You collected 506 gold pieces.

Inventory:

Hand Weapons
 d - a +4 dagger
 g - a +0 trident
 h - a +2 dagger of holy wrath
 p - a +0 falchion
 v - a +1 dagger of venom
 y - the +7 rapier of Growth (weapon) {elec, +Rage MP+9 Dex-2}
   (You found it on level 6 of the Dungeon)

   Occasionally, upon striking a foe, it will discharge some electrical energy
   and cause terrible harm.
   It affects your dexterity (-2).
   It affects your magic capacity (+9).
   It lets you go berserk.
Missiles
 f - 12 poisoned darts
 l - 5 boomerangs (quivered)
Armour
 a - a +1 robe (worn)
 o - a +0 pair of gloves (worn)
 q - a +0 cloak (worn)
Wands
 r - a wand of random effects (15)
 x - a wand of polymorph (6)
Scrolls
 e - 2 scrolls of magic mapping {unknown}
 i - 2 scrolls of enchant armour
 j - 2 scrolls of fear {unknown}
 m - a scroll of immolation {unknown}
 n - 5 scrolls of remove curse
 s - a scroll of teleportation {unknown}
 t - 2 scrolls of amnesia {unknown}
 w - a scroll of enchant weapon {unknown}
Potions
 b - a potion of curing
 k - 2 potions of mutation {unknown}
 u - a potion of ambrosia
 z - a potion of haste {unknown}
 A - a potion of degeneration {unknown}
 B - a potion of flight {unknown}
Comestibles
 c - 10 rations


   Skills:
 * Level 4.0 Fighting
 * Level 5.8(6.0) Short Blades
 * Level 2.2(4.3) Long Blades
 + Level 3.2 Dodging
 + Level 8.0 Stealth
 * Level 4.0 Spellcasting
 * Level 6.1 Conjurations
 * Level 3.6 Translocations


You had 9 spell levels left.
You knew the following spells:

 Your Spells              Type           Power        Failure   Level  Hunger
a - Magic Dart            Conj           ####         1%          1    None
b - Iskenderun's Mystic   Conj/Tloc      ###.....     17%         4    ####...
e - Searing Ray           Conj           ####..       1%          2    #......

Your spell library contained the following spells:

 Spells                   Type           Power        Failure   Level  Hunger
 Dazzling Flash           Conj/Hex       ###...       11%         3    ###....
 Fulminant Prism          Conj/Hex       ###.......   36%         4    ####...


Dungeon Overview and Level Annotations

Branches:
Dungeon (7/15)             Temple (1/1) D:5

Altars:
Ashenzari
Cheibriados
Dithmenos
Elyvilon
Fedhas
Gozag
Hepliaklqana
Kikubaaqudgha
Makhleb
Nemelex Xobeh
Okawaru
Qazlal
Ru
Sif Muna
Trog
Uskayaw
Vehumet
Wu Jian
Xom
Yredelemnul
Zin
The Shining One

Annotations:
D:4 1 runed translucent door
D:6 2 transporters
D:7 exclusion: statue


Innate Abilities, Weirdness & Mutations

You cannot wear boots.
Your serpentine skin is tough. (AC +3)
You have supernaturally acute eyesight. (SInv)
Armour fits poorly on your strangely shaped body.
Your system is resistant to poisons. (rPois)
You cover ground very slowly.
You have a slow metabolism.
You can spit poison.


Message History

The mystic blast misses the killer bee. x3
The mystic blast hits the killer bee.
The killer bee is almost dead.
The killer bee is knocked back by the mystic blast.
The killer bee slams into the rock wall!
You kill the killer bee!
Dithmenos accepts your kill.
Your life force feels restored.
The killer bee stings you.
* * * LOW HITPOINT WARNING * * *
The killer bee stings you!
* * * LOW HITPOINT WARNING * * *
The killer bee stings you but does no damage.
The killer bee barely misses you. The killer bee closely misses you.
The killer bee completely misses you.
You are confused.
You feel invigorated. The killer bee stings you.
* * * LOW HITPOINT WARNING * * *
The killer bee stings you.
You die...

#.# #####.######
#..........#
#.##..##.#.#
#.##.....#.#
#.##.###y#.#
#.##.# #.#.#
#.##.###.#.######
#....y@y.F.......
####..†y...######
#########


You could see a bullfrog and 3 killer bees.

Vanquished Creatures
  A spriggan (D:7)
  An ice beast (D:7)
  A sky beast (D:5)
  A centaur (D:7)
  7 ogres
  A bullfrog (D:4)
  A water moccasin skeleton (D:5)
  A scorpion (D:7)
  3 killer bees (D:7)
  4 wights
  2 crimson imps
  A hound (D:4)
  4 orc priests
  Crazy Yiuf (D:3)
  A jelly (D:7)
  An iguana (D:4)
  3 orc wizards
  4 worker ants
  4 gnolls (D:7)
  A howler monkey skeleton (D:6)
  13 adders
  3 oozes
  An adder skeleton (D:5)
  4 worms
  4 dart slugs
  2 leopard geckos
  8 orcs
  7 bats
  A giant cockroach (D:1)
  5 goblins
  6 hobgoblins
  21 jackals
  14 kobolds
  3 quokkas
  A ball python (D:1)
  9 frilled lizards
  2 giant cockroach zombies (D:5)
  A jackal zombie (D:6)
  3 quokka skeletons
  11 rats
162 creatures vanquished.

Notes
Turn   | Place    | Note
-------+----------+-------------------------------------------
     0 | D:1      | Esekla the Naga Conjurer began the quest for the Orb.
     0 | D:1      | Reached XP level 1. HP: 15/15 MP: 3/3
   111 | D:2      | Reached XP level 2. HP: 14/24 MP: 1/5
   121 | D:1      | HP: 1/24 [kobold/+1 dagger of venom (2)]
   410 | D:1      | Learned a level 2 spell: Searing Ray
   607 | D:2      | Found a shadowy altar of Dithmenos.
   643 | D:2      | Reached XP level 3. HP: 6/30 MP: 4/6
   675 | D:2      | Reached skill level 1 in Fighting
  1164 | D:3      | Reached skill level 1 in Short Blades
  1226 | D:4      | Noticed a bullfrog
  1234 | D:3      | Reached XP level 4. HP: 38/38 MP: 5/7
  1336 | D:4      | Killed a bullfrog
  1336 | D:4      | Reached XP level 5. HP: 43/44 MP: 4/8
  1411 | D:4      | Noticed an ogre
  1434 | D:4      | Noticed an ogre
  1451 | D:4      | Killed an ogre
  1451 | D:4      | Reached skill level 4 in Stealth
  1451 | D:4      | Reached skill level 5 in Conjurations
  1706 | D:4      | Reached XP level 6. HP: 52/52 MP: 10/10
  1760 | D:4      | Learned a level 4 spell: Iskenderun's Mystic Blast
  1814 | D:5      | Entered Level 5 of the Dungeon
  1830 | D:5      | Found a staircase to the Ecumenical Temple.
  1855 | Temple   | Entered the Ecumenical Temple
  1956 | Temple   | Became a worshipper of Dithmenos the Shadowed
  2057 | D:4      | Reached skill level 1 in Translocations
  2057 | D:4      | Reached XP level 7. HP: 61/61 MP: 6/11
  2396 | D:3      | Found a snail-covered altar of Cheibriados.
  2618 | D:2      | Found an opulent altar of Gozag.
  2773 | D:1      | Reached skill level 5 in Stealth
  3243 | D:1      | Reached * piety under Dithmenos
  4291 | D:3      | Found a runed translucent door.
  4292 | D:3      | Noticed Crazy Yiuf
  4474 | D:3      | Killed Crazy Yiuf
  4733 | D:4      | Found a glowing golden altar of the Shining One.
  4733 | D:4      | Found a runed translucent door.
  4733 | D:4      | Noticed an angel
  4906 | D:4      | Reached skill level 6 in Stealth
  5075 | D:4      | Reached XP level 8. HP: 69/69 MP: 12/12
  6379 | D:6      | Found a shadowy altar of Dithmenos.
  6429 | D:6      | Found a transporter.
  6568 | D:6      | Found a transporter.
  7153 | D:7      | Reached ** piety under Dithmenos
  7183 | D:7      | Reached skill level 5 in Short Blades
  7183 | D:7      | Reached skill level 7 in Stealth
  7196 | D:7      | Found a radiant altar of Vehumet.
  7242 | D:7      | Reached skill level 1 in Long Blades
  7285 | D:7      | Noticed a spriggan baker
  7287 | D:7      | Killed a spriggan baker
  7538 | D:7      | Reached XP level 9. HP: 61/78 MP: 11/14
  8145 | D:6      | Reached skill level 8 in Stealth
  8195 | D:6      | Got a warped rapier
  8210 | D:6      | Identified the +7 rapier of Growth {elec, +Rage MP+9 Dex-2}
                  | (You found it on level 6 of the Dungeon)
  8331 | D:7      | HP: 1/78 [killer bee (8)]
  8332 | D:7      | Slain by a killer bee

Illustrated notes

Levels and vault maps discovered:
D:1:      onia_arrival_handbag, layout_basic
D:2:      kb_forest_paths, layout_basic, lemuel_doored_altar,
          lemuel_altar_in_water
D:3:      layout_basic, lemuel_coloured_pillars_altar,
          hangedman_abyss_or_decor_lesser_grid, minmay_diced_spiral,
          uniq_crazy_yiuf_cottage
D:4:      layout_cave_pods, lemuel_angel_altar
D:5:      layout_gridville, minmay_temple_entry_trees, first_ration
D:6:      gammafunk_cloud_chamber, layout_basic, basic_altar
D:7:      layout_loops_corners, vehumet_statue, the_bakery
Temple:   compressed_dpeg_circular_temple

Skill      XL: |  1  2  3  4  5  6  7  8  9 |
---------------+----------------------------+-----
Fighting       | 1 2 3 4 |  4.0
Short Blades   | 1 2 3 4 5 |  5.8
Stealth        | 4 6 7 8 |  8.0
Conjurations   | 5 6 |  6.1
Translocations | 1 2 3 |  3.6
Dodging        | 2 3 |  3.2
Spellcasting   | 3 4 |  4.0
Long Blades    | 1 2 |  2.2

Action                   |  1- 3 |  4- 6 |  7- 9 || total
-------------------------+-------+-------+-------++-------
Melee: Dagger            |    24 |    15 |   268 ||   307
       Mace              |     1 |       |       ||     1
       Rapier            |       |       |     7 ||     7
Throw: Dart              |     1 |     1 |    10 ||    12
       Boomerang         |       |       |     6 ||     6
 Cast: Magic Dart        |    18 |     1 |     5 ||    24
       Searing Ray       |     2 |    10 |    21 ||    33
       Iskenderun's Myst |       |       |    10 ||    10
 Abil: Spit Poison       |     7 |     7 |    21 ||    35
  Use: Scroll            |       |     2 |     3 ||     5
       Potion            |       |       |     7 ||     7
 Stab: Sleeping          |     3 |       |    28 ||    31
       Distracted        |       |     1 |       ||     1
  Eat: Chunk             |       |     4 |    14 ||    18
       Ration            |       |       |     2 ||     2
Armor: Robe              |     6 |     4 |    88 ||    98
       Skin              |       |       |    25 ||    25
Dodge: Dodged            |    26 |     8 |   199 ||   233

Table legend:
 A = Non-vault XP
 B = Vault XP
 C = Vault XP percentage of total XP
 D = Non-vault monster count
 E = Vault monster count
 F = Vault count percentage of total count
                 A         B        C        D         E       F
            +---------+---------+-------+---------+---------+-------
      Total |    2917 |     304 |   9.4 |     144 |      18 |  11.1
            +---------+---------+-------+---------+---------+-------
        D:1 |      47 |       4 |   7.8 |      22 |       4 |  15.4
        D:2 |      90 |      20 |  18.2 |      26 |       6 |  18.8
        D:3 |     101 |      49 |  32.7 |      20 |       6 |  23.1
        D:4 |     892 |       2 |   0.2 |      26 |       1 |   3.7
        D:5 |     539 |       0 |   0.0 |      16 |       0 |   0.0
        D:6 |     516 |       0 |   0.0 |      17 |       0 |   0.0
        D:7 |     732 |     229 |  23.8 |      17 |       1 |   5.6
            +---------+---------+-------+---------+---------+-------
